 Dungeon Crawl Stone Soup version 0.27-a0-1191-g601b473118 (console) character file.

Game seed: 7860965414268870146

62 442hh the Skirmisher (level 3, -3/29 HPs)
             Began as a Demonspawn Fighter on May 24, 2021.
             Was an Initiate of Kikubaaqudgha.
             Hit by a boomerang of dispersal thrown by an orc (4 damage)
             ... on level 4 of the Dungeon.
             The game lasted 00:11:01 (1345 turns).

442hh the Skirmisher (Demonspawn Fighter)           Turns: 1345, Time: 00:11:01

Health: -3/29      AC:  7    Str: 17    XL:     3   Next: 85%
Magic:  3/3        EV:  7    Int:  9    God:    Kikubaaqudgha [......]
Gold:   41         SH:  9    Dex: 12    Spells: 2/2 levels left

rFire    . . .     SeeInvis .   a - +0 long sword
rCold    . . .     Faith    .   c - +0 kite shield
rNeg     . . .     Spirit   .   b - +0 scale mail
rPois    .         Reflect  .   (no helmet)
rElec    .         Harm     .   (no cloak)
rCorr    .         Rampage  .   (no gloves)
Will     .....                  (no boots)
Stlth    ..........             (no amulet)
HPRegen  0.09/turn              (no ring)
MPRegen  0.08/turn              (no ring)

@: no status effects
A: rugged brown scales 1, ignite blood 1
a: Renounce Religion


You were on level 4 of the Dungeon.
You worshipped Kikubaaqudgha.
Kikubaaqudgha was noncommittal.
You visited 1 branch of the dungeon, and saw 4 of its levels.

You collected 41 gold pieces.

Inventory:

Hand Weapons
 a - a +0 long sword (weapon)
Armour
 b - a +0 scale mail (worn)
 c - a +0 kite shield (worn)
Scrolls
 d - a scroll of holy word {unknown}
 e - a scroll of identify
Potions
 f - 2 potions of magic
 g - 2 potions of lignification {unknown}
 i - a potion of haste {unknown}


   Skills:
 + Level 3.3 Fighting
 + Level 2.3 Long Blades
 + Level 3.3 Armour
 + Level 0.1 Dodging
 + Level 3.3 Shields


You had 2 spell levels left.
You didn't know any spells.
Your spell library contained the following spells:

 Spells                   Type           Power      Damage    Failure   Level
 Magic Dart               Conj           0%         1d3       99%         1
 Blink                    Tloc           N/A        N/A       100%        2
 Call Imp                 Summ           0%         N/A       100%        2
 Slow                     Hex            0%         N/A       100%        2
 Conjure Flame            Conj/Fire      0%         6-21      100%        3
 Mephitic Cloud           Conj/Pois/Air  0%         N/A       100%        3


Dungeon Overview and Level Annotations

Branches:
Dungeon (4/15)
 Temple: D:4-7

Altars:
Kikubaaqudgha

Shops:
D:2 [


Innate Abilities, Weirdness & Mutations

You are partially covered in rugged brown scales. (AC +1, +3% HP)
Your demonic aura sometimes causes spilled blood to erupt in flames.


Message History

* * * LOW HITPOINT WARNING * * *
You block the goblin's attack. The goblin hits you but does no damage.
You hit the goblin.
You kill the goblin!
Kikubaaqudgha accepts your kill. The goblin barely misses you.
You riposte.
You hit the goblin but do no damage.
Things that are here:
a +0 club; a goblin corpse A hobgoblin comes into view.
You slash the goblin!
You kill the goblin!
Kikubaaqudgha accepts your kill.
Things that are here:
a +0 dagger; a goblin corpse
Things that are here:
a +0 short sword; a +0 scale mail An ufetubus comes into view.
A dart slug comes into view.
The ufetubus shouts!
You hear a shout!
An orc priest comes into view. It is wielding a +0 short sword.
The orc priest shouts!
You hear a shout!
An orc comes into view. It is wielding a +0 dagger.
An orc comes into view.
It is wielding a +0 dagger and quivering boomerangs of dispersal.
The orc shouts!
An orc comes into view. It is wielding a +0 club.
The hobgoblin hits you.
* * * LOW HITPOINT WARNING * * *
You block the ufetubus's attack. The ufetubus barely misses you.
You slash the ufetubus!
You kill the ufetubus!
Kikubaaqudgha accepts your kill. You block the hobgoblin's attack.
The orc throws a boomerang of dispersal.
You block the boomerang of dispersal. The hobgoblin hits you.
* * * LOW HITPOINT WARNING * * *
The orc throws a boomerang of dispersal.
The boomerang of dispersal hits you.
You die...
Kikubaaqudgha rasps: "You have failed me!
Welcome... death!"

..###..#####.8.##
)...#..##..##.8.## .##.
....(...#...##.8.## ###.#..
.......##....##.8.## .#.....
.....####.....##.).# ......
....<.###....####)†# ....#
...##..##....#.#...##...####
.........)..................
.###............@g........#
#. #....##........w......##
#....#.................#
##.......#.......o....##
##....##^>...†.........
#........†...o..........
.........##..o..........o
......... ##.#...>.......
........ #.#..........


You could see an orc priest, a dart slug, 2 orcs and a hobgoblin.

Vanquished Creatures
  2 adders
  An ufetubus (D:4)
  5 orcs
  A giant cockroach (D:1)
  4 goblins
  2 hobgoblins (D:4)
  4 jackals (D:1)
  2 quokkas
  3 ball pythons
  2 bats
  2 frilled lizards (D:1)
  A kobold (D:3)
  4 rats (D:1)
33 creatures vanquished.

Vanquished Creatures (others)
  A human (D:3)
  2 plants (D:1)
3 creatures vanquished.

Grand Total: 36 creatures vanquished

Notes
Turn   | Place    | Note
-------+----------+-------------------------------------------
     0 | D:1      | 442hh the Demonspawn Fighter began the quest for the Orb.
     0 | D:1      | Reached XP level 1. HP: 18/18 MP: 1/1
   329 | D:1      | Gained mutation: You are partially covered in rugged brown
                  | scales. (AC +1, +3% HP) [demonic ancestry]
   329 | D:1      | Reached XP level 2. HP: 13/24 MP: 2/2
   478 | D:2      | Found Ximurphi's Armour Shoppe.
   686 | D:2      | You fall into a shaft and drop 2 floors!
   689 | D:4      | Gained mutation: Your demonic aura sometimes causes spilled
                  | blood to erupt in flames. [demonic ancestry]
   689 | D:4      | Reached XP level 3. HP: 29/29 MP: 3/3
  1151 | D:3      | Found an ancient bone altar of Kikubaaqudgha.
  1164 | D:3      | Noticed a human
  1165 | D:3      | Killed a human
  1176 | D:3      | Became a worshipper of Kikubaaqudgha
  1291 | D:4      | HP: 1/29 [hobgoblin (2)]
  1345 | D:4      | HP: 1/29 [hobgoblin (1)]
  1345 | D:4      | Hit by a boomerang of dispersal thrown by an orc

Illustrated notes

Levels and vault maps discovered:
D:1:      dpeg_arrival_orchard, layout_basic
D:2:      layout_loops_ring, serial_shops, shop, basic_altar
D:3:      layout_loops_ring, tgw_kikubaaqudgha,
          hellmonk_ecumenical_altar_inner_sanctum, kennysheep_cluttered_room
D:4:      minmay_inner_zag, layout_cave_pools, trog_butcher_becter

Skill      XL: |  1  2  3 |
---------------+----------+-----
Shields        | 3 |  3.3
Long Blades    | 2 |  2.3
Armour         | 3 |  3.3
Fighting       | |  3.3
Dodging        | |  0.1

Action                   || total
-------------------------++-------
Melee: Long sword        ||   116
  Use: Scroll            ||     2
       Potion            ||     1
Armor: Scale mail        ||    57
Dodge: Dodged            ||    57
Block: Kite shield       ||    81
       Rpst.: Long sword ||    23

Table legend: (Time is in decaauts)
 A = Elapsed time spent in this place.
 B = Non-inter-level travel time spent in this place.
 C = Inter-level travel time spent in this place.
 D = Time resting spent in this place.
 E = Time spent auto-exploring this place.
 F = Levels seen in this place.
 G = Mean time per level.
                   A        B        C        D        E       F      G
               +--------+--------+--------+--------+--------+-----+--------+
         Total |   1407 |   1407 |      0 |      0 |     46 |   4 |  351.8 |
       Dungeon |   1407 |   1407 |      0 |      0 |     46 |   4 |  351.8 |
               +--------+--------+--------+--------+--------+-----+--------+

Top non-repeatable levels by time:
     D:3: 511 daAuts
     D:1: 499 daAuts
     D:2: 226 daAuts
     D:4: 170 daAuts
